 Dungeon Crawl Stone Soup version 0.23-a0-338-g8ff0b24 (webtiles) character file.

167636 Petrovich the Brawler (level 17, -6/156 HPs)
             Began as a Ghoul Chaos Knight on Oct 18, 2018.
             Was a Plaything of Xom.
             Mangled by a stone giant (31 damage)
             ... while paralysed by you
             ... on level 4 of the Snake Pit.
             The game lasted 01:46:51 (26264 turns).

Petrovich the Brawler (Ghoul Chaos Knight)         Turns: 26264, Time: 01:46:52

Health: -6/156     AC: 27    Str: 35    XL:     17   Next: 93%
Magic:  27/27      EV: -1    Int:  7    God:    Xom [*.....]
Gold:   1210       SH:  0    Dex:  8    Spells: 16/16 levels left

rFire    . . .     SeeInvis .     - Unarmed
rCold    + . .     Gourm    .   p - +1 large shield {AC+3}
rNeg     + + +     Faith    .   W - +0 plate armour
rPois    ∞         Spirit   .   Z - +2 hat of Yxuky {Str+2}
rElec    .         Reflect  .   U - +0 cloak
rCorr    .         Harm     .   z - +3 pair of gauntlets of War {Slay+5}
MR       +....                  (no boots)
Stlth    ..........             (no amulet)
HPRegen  0.00/turn              Y - +4 ring of strength
MPRegen  0.20/turn              L - ring "Pataj" {MP+9 Str+6}

@: paralysed, rotting, hasted, constricted, studying Shields
A: rotting body, claws 1, carnivore, cold resistance 1, negative energy
resistance 3, inhibited regeneration, torment resistance, unbreathing
a: Renounce Religion


You were on level 4 of the Snake Pit.
You worshipped Xom.
You were a special plaything of Xom.
You were not hungry.

You visited 4 branches of the dungeon, and saw 27 of its levels.
You also visited: Bailey and Ice Cave.

You collected 3477 gold pieces.
You spent 2267 gold pieces at shops.

Inventory:

Missiles
 h - 5 tomahawks of dispersal (quivered)
 w - 5 throwing nets
Armour
 n - +0 fire dragon scales
 p - a +1 large shield of protection (worn)
 v - the +3 ice dragon scales of Lucidity {rF- rC++ rN+ Str+4 Int+3 Dex-3}
   (You found it in an ice cave)

   It affects your strength (+4).
   It affects your intelligence (+3).
   It affects your dexterity (-3).
   It makes you vulnerable to fire.
   It greatly protects you from cold.
   It protects you from negative energy.
 z - the +3 pair of gauntlets of War (worn) {Slay+5}
   (You acquired it on level 2 of the Snake Pit)

   It affects your accuracy and damage with ranged weapons and melee attacks
   (+5).
 U - a +0 cloak (worn)
 W - a +0 plate armour (worn)
 Z - the +2 hat of Yxuky (worn) {Str+2}
   (You found it in an ice cave)

   It affects your strength (+2).
Jewellery
 o - the ring of Conformity {Wiz Int+2}
   (You found it on level 3 of the Snake Pit)

   [ring of wizardry]

   It improves your spell success rate.
   It affects your intelligence (+2).
 s - an uncursed ring of protection from cold
 E - an uncursed ring of protection from fire
 L - the ring "Pataj" (right hand) {MP+9 Str+6}
   (You found it on level 6 of the Dungeon)

   [ring of magical power]

   It affects your strength (+6).
   It affects your magic capacity (+9).
 T - an uncursed ring of flight
 Y - a +4 ring of strength (left hand)
Wands
 a - a wand of acid (10)
 c - a wand of disintegration (25)
 q - a wand of paralysis (9)
 t - a wand of iceblast (11)
 J - a wand of enslavement (36)
 N - a wand of polymorph (3)
 P - a wand of flame (10)
 Q - a wand of digging (17)
Scrolls
 b - 4 scrolls of blinking
 e - a scroll of vulnerability {!r}
 f - 7 scrolls of teleportation
 i - 2 scrolls of identify
 k - 8 scrolls of immolation {!r}
 y - 6 scrolls of enchant armour
 B - 6 scrolls of noise {!r}
 F - 4 scrolls of fear
 M - 2 scrolls of magic mapping
 O - 6 scrolls of fog
 R - 12 scrolls of remove curse
 X - a scroll of summoning
Potions
 d - a potion of invisibility
 l - 2 potions of ambrosia
 m - 2 potions of magic
 r - 2 potions of cancellation
 u - 2 potions of flight
 A - 6 potions of haste
 C - 9 potions of curing
 D - 4 potions of agility
 I - 2 potions of brilliance
 K - 3 potions of heal wounds
 S - 2 potions of might
 V - 7 potions of resistance
Books
 G - a manual of Shields
Miscellaneous
 j - a phantom mirror
Comestibles
 g - 12 chunks of flesh
 H - 40 rations


   Skills:
 + Level 15.4 Fighting
 + Level 13.1 Armour
 - Level 8.0 Dodging
 + Level 11.5 Shields
 * Level 20.4 Unarmed Combat
 - Level 3.0 Evocations


You had 16 spell levels left.
You didn't know any spells.
Your spell library contained the following spells:

 Spells                   Type           Power        Failure   Level  Hunger
 Confusing Touch          Hex            #.....       100%        1    ##.....
 Corona                   Hex            #......      100%        1    ##.....
 Freeze                   Ice            #...         100%        1    ##.....
 Infusion                 Chrm           #...         100%        1    ##.....
 Magic Dart               Conj           #...         100%        1    ##.....
 Shock                    Conj/Air       #...         100%        1    ##.....
 Sting                    Conj/Pois      #...         100%        1    ##.....
 Summon Small Mammal      Summ           #...         100%        1    ##.....
 Blink                    Tloc           N/A          100%        2    ###....
 Call Imp                 Summ           #.......     100%        2    ###....
 Ensorcelled Hibernation  Hex/Ice        #.....       100%        2    ###....
 Poisonous Vapours        Pois/Air       #.....       100%        2    ###....
 Shroud of Golubria       Chrm/Tloc      #.........   100%        2    ###....
 Slow                     Hex            #.......     100%        2    ###....
 Song of Slaying          Chrm           #.......     100%        2    ###....
 Swiftness                Chrm/Air       #.......     100%        2    ###....
 Throw Frost              Conj/Ice       #.....       100%        2    ###....
 Call Canine Familiar     Summ           #.......     100%        3    ####...
 Confuse                  Hex            #.......     100%        3    ####...
 Conjure Flame            Conj/Fire      #.......     100%        3    ####...
 Dazzling Spray           Conj/Hex       #.....       100%        3    ####...
 Gell's Gravitas          Tloc           #.........   100%        3    ####...
 Inner Flame              Hex/Fire       #.......     100%        3    ####...
 Mephitic Cloud           Conj/Pois/Air  #.......     100%        3    ####...
 Ozocubu's Armour         Chrm/Ice       #.......     100%        3    ####...
 Portal Projectile        Hex/Tloc       #.....       100%        3    ####...
 Regeneration             Chrm/Necr      #.........   100%        3    ####...
 Spectral Weapon          Hex/Chrm       #.......     100%        3    ####...
 Static Discharge         Conj/Air       #.......     100%        3    ####...
 Summon Guardian Golem    Hex/Summ       #.......     100%        3    ####...
 Tukima's Dance           Hex            #.......     100%        3    ####...
 Airstrike                Air            #.........   100%        4    #####..
 Cause Fear               Hex            #.........   100%        4    #####..
 Leda's Liquefaction      Hex/Erth       #.........   100%        4    #####..
 Olgreb's Toxic Radiance  Pois           #.......     100%        4    #####..
 Petrify                  Tmut/Erth      #.......     100%        4    #####..
 Summon Ice Beast         Ice/Summ       #.......     100%        4    #####..
 Summon Lightning Spire   Summ/Air       #.......     100%        4    #####..
 Throw Icicle             Conj/Ice       #.......     100%        4    #####..
 Irradiate                Conj/Tmut      #.........   100%        5    ######.
 Lightning Bolt           Conj/Air       #.........   100%        5    ######.
 Metabolic Englaciation   Hex/Ice        #.........   100%        5    ######.
 Silence                  Hex/Air        #.........   100%        5    ######.
 Venom Bolt               Conj/Pois      #.........   100%        5    ######.
 Yara's Violent Unravell  Hex/Tmut       #.........   100%        5    ######.
 Deflect Missiles         Chrm/Air       #.........   100%        6    #######
 Discord                  Hex            #.........   100%        8    #######
 Ignition                 Fire           #.........   100%        8    #######
 Shatter                  Erth           #.........   100%        9    #######
 Tornado                  Air            #.........   100%        9    #######
 Hydra Form               Tmut           Unusable     N/A         6    N/A
 Statue Form              Tmut/Erth      Unusable     N/A         6    N/A
 Dragon Form              Tmut           Unusable     N/A         7    N/A

Dungeon Overview and Level Annotations

Branches:
Dungeon (15/15)            Temple (0/1) D:6            Lair (6/6) D:11
 Shoals (0/4) Lair:2        Snake (4/4) Lair:3        Slime (0/5) Lair:5
    Orc (2/2) D:12            Elf (0/3) Orc:2        Vaults (0/5) D:14
 Depths (0/5) D:15

Altars:
Dithmenos
Gozag
Hepliaklqana
Okawaru
Ru
Xom
Zin
The Shining One
Jiyva

Shops:
D:4 ?   D:8 (   D:10 (   D:13 *   Orc:2 ??:((

Portals:
Pandemonium: Orc:2

Annotations:
D:15 dragon scales!, Kirke


Innate Abilities, Weirdness & Mutations

Your body is rotting away.
You thrive on raw meat.
You are immune to poison.
You have sharp fingernails.
You are carnivorous and can eat meat at any time.
Your flesh is cold resistant. (rC+)
You are immune to negative energy. (rN+++)
You do not regenerate when monsters are visible.
You are immune to unholy pain and torment.
You can survive without breathing.


Message History

The stone giant hits you!
You are engulfed in seething chaos.
You feel yourself speed up.
The naga shouts!
You hear a shout!
The naga ritualist spits poison at you. The splash of poison hits you!
You resist. The naga ritualist constricts you. The stone giant hits you!!
A naga sharpshooter comes into view. It is wielding a +0 long sword.
You are engulfed in seething chaos.
The naga ritualist spits poison at you. The splash of poison hits you!
You resist. The naga ritualist constricts you. The stone giant hits you!!
The naga ritualist loses its grip on you.
The stone giant hits you!!
* * * LOW HITPOINT WARNING * * *
"Serve the mortal, my children!"
The anaconda grabs you.
The anaconda bites you but does no damage.
The anaconda constricts you. The stone giant hits you!!
You die...
Xom roars with laughter!

#...# ##..##
#...# ##....#
#.#.# ##....##
###.# #....##
#...#######...##
#.............#
#...#.....5555#
#...#######555#
#...#
#5@N###########
#...#
##CS##N........
##))#
#5N5NN.........
#..(#
#..)#)..)......
#...#
#...##..NNN..$.
#..(#
##..########...
#..(# #...# ?.
#...# #...# .
#...# #...#


You could see a stone giant, a naga sharpshooter, an anaconda, a naga ritualist,
a naga mage, 3 nagas, 2 friendly quasits, 2 friendly crimson imps, a friendly
white imp and 5 friendly ufetubi.

Vanquished Creatures
  Vashnia (Snake:2)
  Agnes (Snake:2)
  5 nagarajas
  Louise (Snake:2)
  A reaper (IceCv)
  2 entropy weavers (Lair:6)
  A deep elf annihilator (D:15)
  A fire dragon (Lair:6)
  3 ice dragons
  Harold (D:7)
  5 hydras
  5 naga warriors
  5 anacondas
  Erica (Lair:1)
  A queen ant (Lair:6)
  3 centaur warriors
  The ghost of Garbasso the Nimble, a journeyman TeSu of Ashenzari (Lair:3)
  An ogre mage (D:14)
  3 death yaks (Lair:4)
  A tengu warrior (D:13)
  5 two-headed ogres
  A shock serpent (Snake:2)
  4 orc high priests (Orc:2)
  11 naga sharpshooters
  Nergalle (D:10)
  A fire crab (Lair:6)
  A salamander mystic (Snake:4)
  7 skeletal warriors
  A torturous demonspawn (Orc:2)
  2 unseen horrors
  2 wolf spider zombies
  2 naga ritualists
  Pikel (D:5)
  6 orc knights
  2 deep elf magi (D:15)
  A deep elf archer (D:15)
  2 oklob plants (D:11)
  7 mana vipers
  2 manticores
  A faun (Snake:4)
  3 salamanders
  8 orc sorcerers
  20 ugly things
  3 cyclopes
  A salamander (shapeshifter) (Snake:4)
  Psyche (D:10)
  4 naga magi
  3 molten gargoyles (Lair:6)
  An eye of devastation (Bailey)
  4 merfolk sirens (Lair:2)
  26 black mambas
  3 guardian serpents (Snake:3)
  2 ice statues (IceCv)
  16 elephants
  A smoke demon (Orc:2)
  10 spiny frogs
  3 gargoyles
  2 torpor snails
  2 centaur skeletons
  2 kobold demonologists (D:13)
  9 rime drakes
  8 komodo dragons
  2 efreet (D:15)
  A hellwing (Orc:2)
  8 ice devils (IceCv)
  6 trolls
  The ghost of Ghost621 the Shield-Bearer, an amateur MiFi (D:4)
  A tengu conjurer (D:15)
  5 polar bears
  2 hornets
  3 slime creatures (D:14)
  17 blink frogs
  14 dream sheep
  23 hippogriffs
  A spriggan (D:8)
  A shadow (D:14)
  22 wyverns
  A tarantella (Snake:4)
  A water elemental (D:12)
  3 wraiths
  2 dire elephant simulacra (Lair:2)
  59 yaks
  8 basilisks
  4 hungry ghosts
  A neqoxec (Orc:2)
  3 hogs
  3 steam dragons
  3 vampire mosquitoes (D:15)
  Menkaure (D:6)
  28 nagas
  15 soldier ants
  A warg (Orc:2)
  6 water moccasins
  Duvessa (D:5)
  3 acid dragons
  9 porcupines
  7 hell hounds
  45 orc warriors
  3 black bears
  2 ice beasts
  2 sky beasts
  5 phantoms
  A black mamba simulacrum (Lair:2)
  10 ogres
  4 necrophages
  20 centaurs
  12 crocodiles
  13 wolves
  6 big kobolds
  12 bullfrogs
  Blork the orc (D:5)
  2 wyvern zombies
  A water moccasin zombie (D:12)
  A wyvern skeleton (D:14)
  5 scorpions
  13 killer bees
  13 wights
  An electric eel (Lair:4)
  4 howler monkeys
  3 bullfrog zombies
  8 crimson imps
  2 centaur zombies
  8 jellies
  3 lava snakes (Lair:6)
  2 gnoll shamans (D:2)
  8 hounds
  21 orc priests
  A water moccasin simulacrum (Lair:2)
  19 orc wizards
  A bullfrog skeleton (D:8)
  Jessica (D:3)
  4 iguanas
  2 hell rats (Lair:2)
  32 worker ants
  A howler monkey zombie (D:6)
  Robin (D:2)
  A worker ant zombie (D:5)
  40 gnolls
  7 adders
  5 river rats (Lair:2)
  4 shadow imps
  3 white imps (IceCv)
  10 ufetubi (IceCv)
  An ooze (Lair:6)
  A worm (D:2)
  2 dart slugs (D:1)
  7 leopard geckos
  94 orcs
  A bat zombie (D:2)
  5 giant cockroaches
  20 goblins
  12 hobgoblins
  18 jackals
  14 kobolds
  3 quokkas
  8 bats
  7 frilled lizards
  A leopard gecko skeleton (D:5)
  17 rats
  2 fungi
1077 creatures vanquished.

Vanquished Creatures (collateral kills)
  A centaur warrior (D:15)
  A death yak (Lair:4)
  A centaur skeleton (D:15)
  A freezing wraith (D:15)
  A blink frog (Lair:2)
  2 yaks (D:12)
  3 hogs (D:15)
  A hungry ghost (D:15)
  2 soldier ants (Lair:6)
  An ogre (D:3)
  3 centaurs
  Dowan (D:5)
  A killer bee (D:6)
  8 gnolls (D:3)
  An orc (D:12)
  A hobgoblin (D:3)
29 creatures vanquished.

Vanquished Creatures (others)
  A fire dragon (D:15)
  An unseen horror (D:13)
  Maurice (D:11)
  A spiny frog (Lair:5)
  2 blink frogs (Lair:1)
  A wolf (Orc:2)
  2 worker ants
  A white imp (IceCv)
  6 ufetubi (IceCv)
  A kobold (D:13)
  A quokka skeleton (D:5)
  18 fungi
  7 plants
43 creatures vanquished.

Grand Total: 1149 creatures vanquished

Notes
Turn   | Place    | Note
-------+----------+-------------------------------------------
     0 | D:1      | Petrovich the Ghoul Chaos Knight began the quest for the
                  | Orb.
     0 | D:1      | Reached XP level 1. HP: 19/19 MP: 0/0
   265 | D:1      | Reached XP level 2. HP: 23/26 MP: 1/1
   470 | D:1      | XOM: cloud trail
   757 | D:2      | Reached skill level 4 in Unarmed Combat
   757 | D:2      | Reached XP level 3. HP: 31/31 MP: 2/2
   782 | D:2      | Noticed a bullfrog
  1093 | D:2      | Reached XP level 4. HP: 30/40 MP: 3/3
  1108 | D:2      | Noticed Robin
  1121 | D:2      | Killed Robin
  1131 | D:2      | XOM: mild Summ miscast
  1178 | D:2      | XOM: scenery: create altars
  1209 | D:2      | XOM: harmless Ice miscast
  1433 | D:3      | XOM: butterfly on damage
  1458 | D:3      | Reached XP level 5. HP: 20/46 MP: 4/4
  1524 | D:2      | Found a shadowy altar of Dithmenos.
  1569 | D:3      | XOM: repel stairs
  1573 | D:3      | XOM: cast spell 'Ring of Flames'
  1573 | D:3      | Reached skill level 5 in Unarmed Combat
  1692 | D:3      | XOM: confuse monster(s)
  1702 | D:3      | Reached XP level 6. HP: 27/53 MP: 5/5
  1715 | D:3      | XOM: harmless Ice miscast
  1819 | D:2      | Reached skill level 6 in Unarmed Combat
  1902 | D:3      | Found a hazy altar of Hepliaklqana.
  1902 | D:3      | Found a sacrificial altar of Ru.
  1934 | D:3      | XOM: harmless Air miscast
  1949 | D:3      | Reached skill level 5 in Fighting
  1975 | D:3      | Reached XP level 7. HP: 35/61 MP: 6/6
  2089 | D:3      | Noticed Jessica
  2097 | D:3      | Killed Jessica
  2229 | D:3      | XOM: mild Necr miscast
  2420 | D:3      | XOM: scenery: 2 doors close
  2472 | D:3      | Reached skill level 7 in Unarmed Combat
  2768 | D:4      | Found a runed door.
  2770 | D:4      | Noticed Ghost621's ghost (amateur MiFi)
  2846 | D:4      | XOM: god gift: grey potion {god gift}
  2955 | D:4      | XOM: divine lightning
  2985 | D:4      | Found Caschoj's Magic Scroll Shop.
  2992 | D:4      | Bought a scroll of teleportation for 42 gold pieces
  2992 | D:4      | Bought a scroll of noise for 14 gold pieces
  2992 | D:4      | Bought a scroll of identify for 28 gold pieces
  2992 | D:4      | Bought a scroll of fog for 28 gold pieces
  2992 | D:4      | Bought a scroll of immolation for 49 gold pieces
  3058 | D:4      | XOM: scenery: 2 doors open, 1 doors close
  3246 | D:5      | Entered Level 5 of the Dungeon
  3270 | D:5      | Found a glowing golden altar of the Shining One.
  3298 | D:5      | XOM: divination: detect creatures
  3316 | D:5      | Reached XP level 8. HP: 57/70 MP: 7/7
  3332 | D:5      | Noticed Pikel
  3339 | D:5      | XOM: cleaving
  3352 | D:5      | XOM: cast spell 'Monstrous Menagerie'
  3354 | D:5      | Killed Pikel
  3354 | D:5      | Reached skill level 8 in Unarmed Combat
  3480 | D:5      | Noticed Duvessa
  3500 | D:5      | XOM: fake destruction
  3508 | D:5      | Noticed Dowan
  3529 | D:5      | XOM: divine lightning
  3540 | D:5      | Killed Duvessa
  3544 | D:5      | XOM: summons friendly shadow imp
  3545 | D:5      | XOM: enchant monster (good)
  3548 | D:5      | XOM: potion effect (agility)
  3551 | D:5      | Killed Dowan
  3551 | D:5      | Reached skill level 5 in Armour
  3745 | D:5      | Reached skill level 9 in Unarmed Combat
  3745 | D:5      | Reached XP level 9. HP: 67/78 MP: 8/8
  3764 | D:5      | Noticed Blork the orc
  3768 | D:5      | XOM is BORED!
  3768 | D:5      | XOM: enchant monster (bad)
  3772 | D:5      | Killed Blork the orc
  3834 | D:5      | XOM: confuse monster(s)
  4035 | D:5      | XOM: 1-stop teleportation journey
  4142 | D:5      | XOM: god gift: glowing silver wand {god gift}
  4151 | D:6      | Noticed Menkaure
  4182 | D:6      | XOM: enchant monster (good)
  4303 | D:6      | XOM: cast spell 'Summon Small Mammal'
  4507 | D:6      | Found a staircase to the Ecumenical Temple.
  4570 | D:6      | XOM: 2-stop teleportation journey
  4584 | D:6      | XOM: confuse monster(s)
  4586 | D:6      | Reached skill level 10 in Unarmed Combat
  4590 | D:6      | Killed Menkaure
  4601 | D:6      | XOM: potion effect (invisibility)
  4703 | D:6      | XOM is BORED!
  4703 | D:6      | XOM: severe Tloc miscast
  4703 | D:6      | You are confused.
  4827 | D:6      | XOM: divination: detect creatures
  4874 | D:6      | Got a slimy bone ring
  4875 | D:6      | Identified the ring "Pataj" {MP+9 Str+6} (You found it on
                  | level 6 of the Dungeon)
  5051 | D:7      | Reached XP level 10. HP: 83/87 MP: 9/9
  5293 | D:7      | Noticed Harold
  5322 | D:7      | XOM: polymorph quokka -> jackal
  5338 | D:7      | XOM: confuse monster(s)
  5358 | D:7      | Killed Harold
  5358 | D:7      | Reached skill level 11 in Unarmed Combat
  5661 | D:7      | XOM: potion effect (invisibility)
  5733 | D:7      | Found a shimmering altar of Xom.
  5821 | D:8      | Found a shimmering altar of Xom.
  5821 | D:8      | Found Piakoar's Antique Weapon Shop.
  5844 | D:8      | XOM: 1-stop teleportation journey
  5845 | D:8      | XOM: divination: detect creatures
  5870 | D:8      | XOM: cloud trail
  5913 | D:8      | Reached skill level 5 in Shields
  6170 | D:8      | XOM: noise
  6457 | D:8      | You fall through a shaft for 3 floors!
  6457 | D:11     | XOM: stealth player
  6522 | D:11     | XOM: butterfly on damage
  6553 | D:10     | Entered Level 10 of the Dungeon
  6561 | D:10     | Noticed Nergalle
  6566 | D:10     | XOM: harmless Air miscast
  6571 | D:10     | XOM: cast spell 'Leda's Liquefaction'
  6588 | D:10     | Killed Nergalle
  6588 | D:10     | Reached skill level 12 in Unarmed Combat
  6588 | D:10     | Reached XP level 11. HP: 91/97 MP: 10/10
  6868 | D:9      | XOM: divination: magic mapping
  6956 | D:9      | XOM: cloud trail
  7169 | D:10     | Noticed Psyche
  7177 | D:10     | Killed Psyche
  7208 | D:10     | XOM: swap monsters
  7212 | D:10     | You are confused.
  7212 | D:10     | XOM: confusion (+ monsters)
  7233 | D:10     | XOM: swap monsters
  7534 | D:10     | Found a glowing silver altar of Zin.
  7562 | D:10     | XOM: mild Ice miscast
  7625 | D:10     | XOM: summons 4 hostile demons
  7781 | D:10     | Found Qelidaox's Antique Weapon Boutique.
  7878 | D:10     | XOM: noise
  8016 | D:10     | XOM: swap monsters
  8228 | D:4      | Bought a scroll of identify for 28 gold pieces
  8228 | D:4      | Bought a scroll of identify for 28 gold pieces
  8413 | D:11     | Noticed a cyan ugly thing
  8425 | D:11     | Killed a green ugly thing
  8437 | D:11     | Noticed Maurice
  8443 | D:11     | XOM: enchant monster (bad)
  8464 | D:11     | Paralysed by something for 3 turns
  8494 | D:11     | Killed Maurice
  8494 | D:11     | Reached skill level 13 in Unarmed Combat
  8628 | D:11     | Found a staircase to the Lair.
  8631 | D:11     | Noticed an oklob plant
  8631 | D:11     | Noticed an oklob plant
  8643 | D:11     | Noticed a six-headed hydra
  8657 | D:11     | Killed a six-headed hydra
  8661 | D:11     | XOM: cast spell 'Cause Fear'
  8695 | D:11     | Noticed a manticore
  8697 | D:11     | XOM: blink monster(s)
  8699 | D:11     | XOM: smoke on damage
  8704 | D:11     | Killed a manticore
  8704 | D:11     | Reached skill level 10 in Fighting
  8776 | D:11     | Killed an unseen horror
  8776 | D:11     | Reached XP level 12. HP: 85/106 MP: 11/11
  8868 | D:11     | XOM: swap monsters
  8907 | D:11     | XOM: scenery: create altars
  9316 | D:12     | XOM: cloud trail
  9474 | D:12     | XOM: noise
  9528 | D:12     | XOM: blink monster(s)
  9548 | D:12     | XOM: confuse monster(s)
  9567 | D:12     | XOM: harmless Summ miscast
  9571 | D:12     | XOM: 3-stop teleportation journey
  9587 | D:12     | Reached skill level 14 in Unarmed Combat
  9623 | D:12     | XOM: polymorph deep elf mage -> hippogriff
  9627 | D:12     | thanks, Xom
  9675 | D:12     | Found a staircase to the Orcish Mines.
  9754 | D:12     | Petrovich: твой помер?
  9784 | D:12     | XOM: 5-stop teleportation journey
  9930 | D:12     | XOM: enchant monster (good)
  9995 | D:12     | XOM: god gift: potion of degeneration
 10337 | D:13     | XOM: noise
 10337 | D:13     | Noticed a two-headed ogre
 10363 | D:13     | XOM: summons 4 friendly demons
 10367 | D:13     | XOM: divination: detect creatures
 10369 | D:13     | XOM: summons friendly iron imp
 10463 | D:12     | XOM: scenery: create altars
 10501 | D:13     | XOM: enchant monster (good)
 10577 | D:13     | Found a flagged portal.
 10604 | Bailey   | Entered a bailey
 10698 | Bailey   | XOM: cloud trail
 10787 | Bailey   | TheNamelessOne: да
 10787 | Bailey   | TheNamelessOne: он всё-равно бы помер
 10787 | Bailey   | Petrovich: почему?
 10787 | Bailey   | Petrovich: гули прочные
 10787 | Bailey   | TheNamelessOne: я его хотел сразу в глубины
 10828 | Bailey   | XOM: god gift: potion of lignification
 10859 | Bailey   | Reached XP level 13. HP: 61/116 MP: 12/12
 10869 | Bailey   | XOM: scenery: 1 fountains blood, 1 doors close
 10876 | Bailey   | XOM: fake destruction
 10893 | Bailey   | XOM: summons friendly crimson imp
 10943 | Bailey   | XOM: scenery: 1 fountains blood, 1 doors close
 10974 | D:13     | Found an opulent altar of Gozag.
 10974 | D:13     | Found Gozag's Platinum Reserve.
 11087 | D:13     | XOM: mild Air miscast
 11094 | D:13     | Reached skill level 15 in Unarmed Combat
 11188 | D:13     | XOM: confuse monster(s)
 11198 | D:14     | XOM: noise
 11239 | D:13     | XOM: mild Pois miscast
 11252 | D:13     | XOM: potion effect (might)
 11314 | D:13     | XOM: god gift: scroll labeled COAMPU ODONA {god gift}
 11330 | D:13     | TheNamelessOne: гули с мумиями с зомом не сочитаются
 11340 | D:13     | Petrovich: из-за мутаций
 11340 | D:13     | TheNamelessOne: да
 11340 | D:13     | Petrovich: я Зомом не играл почти
 11529 | D:13     | XOM: summons 6 hostile demons
 11531 | D:13     | XOM: noise
 11576 | D:13     | HP: 4/116 [burnt (4)]
 11582 | D:13     | TheNamelessOne: он мне в первое прохождение за него(OgCK)
                  | намутировал фуллрезист к мутациям
 11743 | D:13     | XOM: mild Tmut miscast
 11819 | D:13     | Petrovich: пофиг, может 3 руны хотя бы возьму
 11845 | D:14     | XOM: 2-stop teleportation journey
 11980 | D:14     | Found an iron altar of Okawaru.
 11993 | D:14     | XOM: blink monster(s)
 11996 | D:14     | XOM: repel stairs
 12018 | D:13     | XOM: harmless Summ miscast
 12026 | D:14     | XOM: divination: magic mapping
 12085 | D:14     | XOM: potion effect (invisibility)
 12086 | D:14     | XOM: mild Chrm miscast
 12109 | D:14     | XOM: divination: detect items
 12112 | D:14     | Reached skill level 10 in Armour
 12125 | D:14     | Found a gate to the Vaults.
 12274 | D:14     | XOM: divination: magic mapping
 12494 | D:15     | Entered Level 15 of the Dungeon
 12506 | D:15     | Noticed Kirke
 12729 | D:15     | Reached skill level 16 in Unarmed Combat
 12740 | D:15     | XOM: noise
 12838 | D:15     | You are confused.
 12839 | D:15     | XOM: summons friendly quasit
 12841 | D:15     | XOM: divination: detect items
 12850 | D:15     | XOM: cast spell 'Ring of Flames'
 12854 | D:15     | You are confused.
 12854 | D:15     | Noticed a deep elf annihilator
 12862 | D:15     | XOM: confuse monster(s)
 12891 | D:15     | Killed a deep elf annihilator
 12900 | D:15     | You are confused.
 12980 | D:15     | Reached XP level 14. HP: 126/126 MP: 13/13
 12988 | D:15     | XOM: polymorph brown ugly thing -> ice dragon
 13005 | D:15     | XOM: divination: detect items
 13106 | D:15     | XOM: cast spell 'Summon Mana Viper'
 13138 | D:15     | XOM: cast spell 'Death Channel'
 13148 | D:15     | XOM: summons 5 friendly demons
 13210 | D:15     | XOM: confuse monster(s)
 13229 | D:15     | XOM: enchant monster (bad)
 13233 | D:15     | Noticed Kirke
 13233 | D:15     | XOM: polymorph something unseen -> Kirke the shadow dragon
 13247 | D:15     | XOM: 4-stop teleportation journey
 13297 | D:15     | XOM: mild Erth miscast
 13308 | D:15     | XOM: swap monsters
 13320 | D:15     | XOM: cast spell 'Summon Dragon'
 13333 | D:15     | XOM: 1-stop teleportation journey
 13335 | D:15     | XOM: polymorph green ugly thing -> anaconda
 13358 | D:15     | XOM: silly message
 13362 | D:15     | XOM: snakes to sticks
 13366 | D:15     | XOM: confuse monster(s)
 13427 | D:15     | XOM: scenery: create altars
 13466 | D:15     | XOM: noise
 13521 | D:15     | XOM: enchant monster (good)
 13583 | D:15     | Reached skill level 1 in Dodging
 13794 | D:15     | Found a staircase to the Depths.
 14039 | D:11     | XOM: swap monsters
 14045 | Lair:1   | Entered Level 1 of the Lair of Beasts
 14045 | Lair:1   | Noticed Erica
 14075 | Lair:1   | Killed Erica
 14075 | Lair:1   | Reached skill level 17 in Unarmed Combat
 14259 | Lair:1   | XOM: divine lightning
 14749 | Lair:1   | XOM: polymorph yak -> polar bear
 14892 | Lair:2   | Found a transporter.
 14922 | Lair:2   | Found a transporter.
 15035 | Lair:2   | XOM: confuse monster(s)
 15037 | Lair:2   | XOM: noise
 15038 | Lair:2   | XOM: 8-stop teleportation journey
 15240 | Lair:2   | XOM: noise
 15271 | Lair:2   | Found a staircase to the Shoals.
 15339 | Lair:2   | XOM: summons 7 hostile demons
 15375 | Lair:2   | You feel dopey.
 15447 | Lair:3   | Found a runed door.
 15448 | Lair:3   | Noticed Garbasso's ghost (journeyman TeSu)
 15484 | Lair:3   | Killed Garbasso's ghost
 15682 | Lair:3   | Found a staircase to the Snake Pit.
 15726 | Lair:3   | Got a ripped robe
 15760 | Lair:3   | XOM: 3-stop teleportation journey
 15889 | Lair:3   | XOM: medium Hex miscast
 15904 | Lair:3   | XOM: 4-stop teleportation journey
 16076 | Lair:3   | XOM: 3-stop teleportation journey
 16278 | Lair:3   | XOM: harmless Necr miscast
 16288 | Lair:3   | XOM: scenery: create altars
 16370 | Lair:4   | XOM: stealth player
 16377 | Lair:4   | Found the cursed +13 scythe of Curses {drain, *Curse}
 16390 | Lair:4   | Reached XP level 15. HP: 122/135 MP: 14/14
 16390 | Lair:4   | XOM: cloud trail
 16417 | Lair:4   | XOM: enchant monster (good)
 16418 | Lair:4   | XOM: scenery: create altars
 16424 | Lair:4   | XOM: confuse monster(s)
 16429 | Lair:4   | XOM: summons 7 friendly demons
 16459 | Lair:4   | XOM: potion effect (might)
 16688 | Lair:4   | XOM: harmless Tloc miscast
 16707 | Lair:4   | Reached skill level 10 in Shields
 16710 | Lair:4   | XOM: harmless Hex miscast
 16712 | Lair:4   | XOM: potion effect (haste)
 16725 | Lair:4   | XOM: noise
 16762 | Lair:4   | XOM: potion effect (agility)
 16787 | Lair:4   | XOM: mild Ice miscast
 16800 | Lair:4   | XOM: enchant monster (bad)
 16961 | Lair:4   | XOM: summons 1 hostile shadow creature
 17184 | Lair:5   | XOM: blink monster(s)
 17219 | Lair:5   | XOM: 1-stop teleportation journey
 17234 | Lair:5   | Petrovich: какой лучший бог для гуля?
 17234 | Lair:5   | Petrovich: кро Окавару?
 17317 | Lair:5   | Found a staircase to the Slime Pits.
 17318 | Lair:5   | Found a viscous altar of Jiyva.
 17322 | Lair:5   | XOM: scenery: create altars
 17327 | Lair:5   | XOM: confuse monster(s)
 17337 | Lair:5   | XOM: cloud trail
 17355 | Lair:5   | XOM: polymorph blink frog -> hornet
 17415 | Lair:5   | XOM: repel stairs
 17429 | Lair:5   | XOM: swap monsters
 17437 | Lair:5   | XOM: 1-stop teleportation journey
 17557 | Lair:5   | XOM: chaos cloud
 17564 | Lair:5   | XOM: enchant monster (bad)
 17589 | Lair:5   | Reached skill level 18 in Unarmed Combat
 17605 | Lair:5   | XOM: noise
 17607 | Lair:5   | XOM: medium Fire miscast
 17697 | Lair:5   | XOM: swap monsters
 17797 | Lair:5   | XOM: chaos cloud
 18064 | Lair:5   | XOM: harmless Conj miscast
 18101 | Lair:6   | Entered Level 6 of the Lair of Beasts
 18107 | Lair:6   | You feel dopey.
 18107 | Lair:6   | XOM: stat loss: -1 Int (6/7)
 18121 | Lair:5   | XOM: enchant monster (good)
 18174 | Lair:6   | XOM: summons friendly crimson imp
 18192 | Lair:6   | XOM: enchant monster (good)
 18207 | Lair:6   | XOM: harmless Fire miscast
 18219 | Lair:6   | XOM: enchant monster (bad)
 18222 | Lair:6   | XOM: cast spell 'Summon Ice Beast'
 18231 | Lair:6   | XOM: harmless Summ miscast
 18256 | Lair:6   | XOM: medium Conj miscast
 18261 | Lair:6   | You are confused.
 18261 | Lair:6   | XOM: confusion (+ monsters)
 18276 | Lair:6   | XOM: medium Erth miscast
 18286 | Lair:6   | XOM: silly message
 18379 | Lair:6   | XOM: silly message
 18466 | Lair:6   | Reached skill level 5 in Dodging
 18469 | Lair:6   | XOM: potion effect (heal wounds)
 18578 | Lair:6   | XOM: harmless Hex miscast
 18777 | Lair:6   | XOM: divination: magic mapping
 18789 | Lair:6   | XOM: cast spell 'Olgreb's Toxic Radiance'
 18896 | Lair:6   | Reached XP level 16. HP: 140/145 MP: 15/15
 19003 | Lair:6   | XOM: harmless Pois miscast
 19082 | Lair:6   | XOM: silly message
 19170 | Lair:6   | XOM: harmless Hex miscast
 19174 | Lair:6   | XOM: enchant monster (good)
 19178 | Lair:6   | XOM: summons 4 friendly demons
 19180 | Lair:6   | XOM: enchant monster (good)
 19267 | Lair:6   | XOM: summons 2 friendly demons
 19281 | Lair:6   | XOM: fog
 19312 | Lair:6   | XOM: summons 8 hostile demons
 19327 | Lair:6   | Found a large runed door.
 19328 | Lair:6   | Found a large runed door.
 19333 | Lair:6   | XOM: fog
 19341 | Lair:6   | XOM: polymorph steam dragon -> ooze
 19629 | Lair:2   | XOM: summons friendly shadow imp
 19634 | Lair:2   | Reached skill level 19 in Unarmed Combat
 19733 | Lair:2   | TheNamelessOne: Хз на самом деле. Я Хепли делал
 19734 | Lair:2   | XOM: fog
 19756 | Lair:2   | Petrovich: Кику может
 19756 | Lair:2   | Petrovich: из-за трупаков
 19887 | Lair:2   | TheNamelessOne: Думаю Хлеб зайдёт. Да он в принципе всем
                  | зайдёт
 19895 | Lair:2   | TheNamelessOne: Кику тоже хороший вариант
 20102 | Lair:2   | TheNamelessOne: Тушки всегда под рукой будут
 20102 | Lair:2   | Petrovich: ага
 20102 | Lair:2   | Petrovich: одну съел
 20102 | Lair:2   | Petrovich: другие в зомбаков
 20142 | D:11     | XOM: cloud trail
 20144 | D:11     | TheNamelessOne: +кику дайт тормент
 20152 | D:11     | Petrovich: кстати, да
 20463 | D:4      | XOM: polymorph adder -> frilled lizard
 20465 | D:4      | XOM: cleaving
 20473 | D:4      | Killed Ghost621's ghost
 20617 | D:7      | XOM: divination: detect creatures
 20776 | Orc:1    | Entered Level 1 of the Orcish Mines
 20792 | Orc:1    | XOM: blink monster(s)
 20799 | Orc:1    | XOM: fake destruction
 20858 | Orc:1    | XOM: 11-stop teleportation journey
 21114 | Orc:1    | XOM: noise
 21205 | Orc:1    | XOM: polymorph orc knight -> two-headed ogre
 21209 | Orc:1    | XOM: medium Fire miscast
 21502 | Orc:2    | Entered Level 2 of the Orcish Mines
 21525 | Orc:2    | XOM: 4-stop teleportation journey
 21536 | Orc:2    | XOM: mild Chrm miscast
 21606 | Orc:2    | XOM: potion effect (brilliance)
 21702 | Orc:2    | Found a frozen archway.
 21704 | Orc:2    | XOM: enchant monster (bad)
 21710 | Orc:2    | XOM: summons friendly shadow imp
 21712 | Orc:2    | XOM: harmless Tloc miscast
 21764 | IceCv    | Entered an ice cave
 21849 | IceCv    | XOM: scenery: create altars
 21869 | IceCv    | Got a transparent hat
 21880 | IceCv    | Identified the +2 hat of Yxuky {Str+2} (You found it in an
                  | ice cave)
 21939 | IceCv    | XOM: destruction
 21995 | IceCv    | Got shimmering ice dragon scales
 22100 | IceCv    | Identified the +3 ice dragon scales of Lucidity {rF- rC++
                  | rN+ Str+4 Int+3 Dex-3} (You found it in an ice cave)
 22278 | Orc:2    | Found Ownar's Magic Scroll Boutique.
 22360 | Orc:2    | XOM: cleaving
 22361 | Orc:2    | Found Mytoez's Magic Scroll Shop.
 22421 | Orc:2    | Bought a scroll of fog for 30 gold pieces
 22421 | Orc:2    | Bought a scroll of blinking for 112 gold pieces
 22421 | Orc:2    | Bought a scroll of immolation for 52 gold pieces
 22421 | Orc:2    | Bought a scroll of immolation for 52 gold pieces
 22421 | Orc:2    | Bought a scroll of noise for 15 gold pieces
 22423 | Orc:2    | Bought a scroll of immolation for 49 gold pieces
 22423 | Orc:2    | Bought a scroll of identify for 28 gold pieces
 22423 | Orc:2    | Bought a scroll of identify for 28 gold pieces
 22423 | Orc:2    | Bought a scroll of identify for 28 gold pieces
 22593 | Orc:2    | XOM: cast spell 'Dispersal'
 22662 | Orc:2    | Found a staircase to the Elven Halls.
 22684 | Orc:2    | Found Mupinus's Weapon Shoppe.
 22885 | Orc:2    | XOM: medium Necr miscast
 22932 | Orc:2    | XOM: potion effect (curing)
 22992 | Orc:2    | Found Cuabadgh's Antique Weapon Emporium.
 22992 | Orc:2    | Found a one-way gate leading to the halls of Pandemonium.
 22992 | Orc:2    | Found Hell's Book Shoppe.
 22996 | Orc:2    | Bought a manual of Shields for 1656 gold pieces
 23082 | Orc:2    | XOM: noise
 23124 | Orc:2    | XOM: medium Summ miscast
 23303 | Snake:1  | Entered Level 1 of the Snake Pit
 23342 | Snake:1  | XOM: cast spell 'Call Canine Familiar'
 23364 | Snake:1  | XOM: polymorph warg -> soldier ant
 23419 | Snake:1  | Reached XP level 17. HP: 142/154 MP: 14/16
 23646 | Snake:1  | XOM: harmless Pois miscast
 23647 | Snake:1  | XOM: polymorph naga mage -> hornet
 23648 | Snake:1  | XOM: snakes to sticks
 23960 | Snake:2  | Noticed Vashnia
 24035 | Snake:2  | Noticed Louise
 24137 | Snake:1  | XOM: cloud trail
 24224 | Snake:2  | Killed Louise
 24263 | Snake:2  | Reached skill level 1 in Evocations
 24263 | Snake:2  | XOM: harmless Ice miscast
 24265 | Snake:2  | XOM: summons friendly iron imp
 24325 | Snake:2  | Noticed Agnes
 24341 | Snake:2  | Killed Agnes
 24341 | Snake:2  | Reached skill level 15 in Fighting
 24404 | Snake:2  | XOM: enchant monster (bad)
 24414 | Snake:2  | Reached skill level 20 in Unarmed Combat
 24414 | Snake:2  | XOM: potion effect (might)
 24538 | Snake:2  | XOM: cast spell 'Cause Fear'
 24570 | Snake:2  | XOM: cast spell 'Cause Fear'
 24595 | Snake:2  | XOM: enchant monster (good)
 24634 | Snake:2  | Killed Vashnia
 24709 | Snake:2  | You are confused.
 24709 | Snake:2  | XOM: confusion
 24710 | Snake:2  | XOM: enchant monster (good)
 24763 | Snake:2  | Identified a scroll of acquirement
 24766 | Snake:2  | Got a pitted scale mail
 24768 | Snake:2  | Found the +3 pair of gauntlets of War {Slay+5}
 24918 | Snake:3  | Identified the +2 scale mail of Faigrapn {rPois Str+3} (You
                  | found it on level 2 of the Snake Pit)
 24947 | Snake:3  | XOM: 1-stop teleportation journey
 24950 | Snake:3  | XOM: swap monsters
 24955 | Snake:3  | XOM: cast spell 'Summon Mana Viper'
 25074 | Snake:3  | XOM: enchant monster (bad)
 25170 | Snake:3  | XOM: swap monsters
 25617 | Snake:3  | Identified the +1 scimitar "Newt's Nightmare" {pain, rPois
                  | Dex+3} (You found it on level 3 of the Snake Pit)
 25684 | Snake:3  | XOM: swap monsters
 25777 | Snake:3  | Identified the ring of Conformity {Wiz Int+2} (You found it
                  | on level 3 of the Snake Pit)
 25856 | Snake:4  | Entered Level 4 of the Snake Pit
 25995 | Snake:4  | XOM: polymorph naga mage -> salamander
 26234 | Snake:4  | XOM: polymorph naga mage -> tarantella
 26251 | Snake:4  | XOM: polymorph nagaraja -> stone giant
 26253 | Snake:4  | You are confused.
 26253 | Snake:4  | XOM: confusion
 26259 | Snake:4  | XOM: chaos cloud
 26260 | Snake:4  | Paralysed by you for 6 turns
 26264 | Snake:4  | XOM: summons 10 friendly demons
 26264 | Snake:4  | Mangled by a stone giant

Vault maps used:
D:1:      elethiomel_arrival_maze
D:2:      lemuel_upstairs_altar, first_ration, lightli_corner_chamber,
          uniq_robin
D:3:      lemuel_castle_with_subvaults, lemuel_coloured_pillars_altar,
          gammafunk_temple_overflow_elements, uniq_jessica
D:4:      serial_shops, shop, ebering_ghost_sewer_d
D:5:      basic_altar, kennysheep_opposing_triangles, uniq_blork_the_orc,
          uniq_pikel, uniq_duvessa
D:6:      minmay_temple_entry_overgrown, uniq_menkaure
D:7:      nicolae_overflow_hidden_temple, uniq_harold
D:8:      nicolae_whirlpool, basic_altar, serial_shops, shop, the_bakery
D:10:     basic_altar, kennysheep_windowed_goal, uniq_psyche, uniq_nergalle
D:11:     dpeg_oklobed_lair, serial_shops, bzr_entry_lakeside, uniq_maurice
D:12:     erik_orc_2
D:13:     enter_bailey_3, nicolae_gozag_zags_fifth_avenue
D:14:     david_vaults_2, basic_altar, serial_park_avenue1
D:15:     grunt_enter_depths_hoard, grunt_decor_fettered, uniq_kirke
Lair:1:   uniq_erica
Lair:2:   gammafunk_cloud_chamber, elwin_shoals_entry_stream,
          chequers_serial_rivers_micro_a, kennysheep_abandoned_house
Lair:3:   guppyfry_snake_entry_garden, gammafunk_ghost_grave,
          beast_lair_carwin_9
Lair:4:   columned_hall_lemuel, serial_bayou_shore_b, serial_bayou_shore_a
Lair:5:   slime_altar_1
Lair:6:   cheibrodos_lair_end_hotspot, chequers_serial_rivers_micro_e,
          ldierk_geyser, zaba_antful_of_joy
Snake:2:  uniq_agnes, uniq_louise, uniq_vashnia
Snake:3:  kennysheep_six_static_rooms
Snake:4:  grunt_snake_rune_spirals
Orc:1:    cheibrodos_orc_arena, mines_bat_river
Orc:2:    pf_orc_diabolical, portal_ice_cave_entry_animals_and_master,
          serial_shops, shop
Bailey:   bailey_polearm_1, bailey
IceCv:    ice_cave_small_demon

Skill      XL: |  1  2  3  4  5  6  7  8  9 10 11 12 13 14 15 16 17 |
---------------+----------------------------------------------------+-----
Armour         | 2 3 4 5 6 7 8 9 10 11 12 13 | 13.1
Unarmed Combat | 4 5 6 7 9 10 12 13 14 16 17 18 19 20 | 20.4
Fighting       | 4 5 6 7 9 10 11 12 13 14 15 | 15.4
Shields        | 2 4 5 6 8 9 10 11 | 11.5
Dodging        | 3 5 7 8 |  8.0
Evocations     | 3 |  3.0

Action                   |  1- 3 |  4- 6 |  7- 9 | 10-12 | 13-15 | 16-18 || total
-------------------------+-------+-------+-------+-------+-------+-------++-------
Melee: Unarmed           |   122 |   179 |   409 |   830 |  1483 |  1282 ||  4305
       Punch             |     1 |       |     3 |       |       |       ||     4
Throw: Javelin           |       |       |     1 |    30 |       |       ||    31
       Throwing net      |       |       |       |     1 |       |       ||     1
       Tomahawk          |       |       |       |     1 |       |       ||     1
Evoke: Wand              |       |       |       |     8 |    11 |    12 ||    31
  Use: Scroll            |       |       |       |    19 |    13 |     9 ||    41
       Potion            |       |       |       |     1 |     1 |     1 ||     3
 Stab: Confused          |       |       |     3 |     1 |     4 |     1 ||     9
       Invisible         |       |       |     2 |     3 |     6 |       ||    11
       Petrified         |       |       |       |     3 |       |       ||     3
       Held in net/web   |       |       |       |     1 |       |       ||     1
       Paralysed         |       |       |       |       |       |     1 ||     1
  Eat: Chunk             |     6 |    43 |    59 |   107 |   174 |   130 ||   519
Armor: Leather armour    |    31 |    45 |       |       |       |       ||    76
       Ring mail         |       |       |    38 |       |       |       ||    38
       Chain mail        |       |       |    93 |    68 |       |       ||   161
       Plate armour      |       |       |       |   207 |   568 |   316 ||  1091
       Ice dragon scales |       |       |       |       |       |    40 ||    40
Dodge: Dodged            |    48 |   108 |   117 |   204 |   262 |   176 ||   915
Block: Shield            |       |       |    65 |   335 |    49 |       ||   449
       Large shield      |       |       |       |       |  1074 |  1035 ||  2109

Table legend:
 A = Non-vault XP
 B = Vault XP
 C = Vault XP percentage of total XP
 D = Non-vault monster count
 E = Vault monster count
 F = Vault count percentage of total count
                 A         B        C        D         E       F
            +---------+---------+-------+---------+---------+-------
      Total |  151042 |   88439 |  36.9 |     685 |     423 |  38.2
            +---------+---------+-------+---------+---------+-------
        D:1 |      32 |       0 |   0.0 |      18 |       0 |   0.0
        D:2 |      49 |     245 |  83.3 |      21 |      20 |  48.8
        D:3 |     168 |     670 |  80.0 |      21 |      58 |  73.4
        D:4 |      83 |     330 |  79.9 |       4 |       3 |  42.9
        D:5 |     828 |     862 |  51.0 |      14 |       7 |  33.3
        D:6 |    1475 |     147 |   9.1 |      22 |       1 |   4.3
        D:7 |    1201 |     992 |  45.2 |      30 |       1 |   3.2
        D:8 |    1156 |     567 |  32.9 |      19 |       4 |  17.4
        D:9 |    1340 |       0 |   0.0 |      10 |       0 |   0.0
       D:10 |    2956 |    1355 |  31.4 |      40 |       5 |  11.1
       D:11 |    6367 |    1345 |  17.4 |      36 |       3 |   7.7
       D:12 |    8264 |     796 |   8.8 |      45 |      21 |  31.8
       D:13 |    8341 |       8 |   0.1 |      35 |       4 |  10.3
       D:14 |    4061 |    2931 |  41.9 |      17 |       4 |  19.0
       D:15 |   23921 |    1564 |   6.1 |      57 |       6 |   9.5
     Lair:1 |    4836 |     929 |  16.1 |      18 |       1 |   5.3
     Lair:2 |    4827 |    2857 |  37.2 |      21 |      25 |  54.3
     Lair:3 |    5366 |    1794 |  25.1 |      17 |       7 |  29.2
     Lair:4 |    5397 |    6227 |  53.6 |      15 |      25 |  62.5
     Lair:5 |    7766 |    6855 |  46.9 |      31 |      24 |  43.6
     Lair:6 |   15476 |   15158 |  49.5 |      55 |      64 |  53.8
    Snake:1 |    7943 |       0 |   0.0 |      18 |       0 |   0.0
    Snake:2 |   15182 |   10966 |  41.9 |      27 |       6 |  18.2
    Snake:3 |   11700 |    4327 |  27.0 |      15 |       6 |  28.6
    Snake:4 |    7845 |    2767 |  26.1 |      19 |       5 |  20.8
      Orc:1 |    1993 |    2482 |  55.5 |      22 |      20 |  47.6
      Orc:2 |    2469 |   16263 |  86.8 |      38 |      65 |  63.1
     Bailey |       0 |     881 | 100.0 |       0 |      14 | 100.0
      IceCv |       0 |    5121 | 100.0 |       0 |      24 | 100.0
            +---------+---------+-------+---------+---------+-------
